Cogmind - Beta 14 @@@ ROGUE MODE // 2024.08.17 @ 21:42:29 Player: dorusv Result: Destroyed by G-47 Trooper with Particle Gun Performance ------------- Evolutions (2) 1000 Regions Visited (4) 800 Robots Destroyed (20) 100 Value Destroyed (394) 394 Prototype IDs (3) 60 Alien Tech Used (0) 0 Bonus (0) 0 TOTAL SCORE: 2354 Bonus ------- None Cogmind --------- Core Integrity 0/550 Matter 170/300 Energy 99/100 System Corruption 0% Temperature Cool (27) Movement Core (50) Location -8/Materials Parts ------- > --- POWER (1) -------- (None) > --- PROPULSION (4) --- (None) > --- UTILITY (4) ------ Advanced Visual Processing Unit Signal Interpreter > --- WEAPON (2) ------- Katana > --- INVENTORY (5) ---- Ion Engine Wheel EM Shotgun Flak Cannon Datajack Peak State ------------ > --- POWER ------------ Ion Engine > --- PROPULSION ------- Flight Unit Flight Unit Flight Unit Improved Flight Unit > --- UTILITY ---------- Visual Processing Unit Advanced Visual Processing Unit Signal Interpreter Seismic Detector > --- WEAPON ----------- High-powered Shotgun Gauss Cannon > --- INVENTORY -------- Wheel Flak Cannon [Rating: 21] Favorites ----------- Power Light Ion Engine Engine Light Ion Engine Propulsion Flight Unit Wheel Wheel Flight Unit Flight Unit Utility Signal Interpreter Device Seismic Detector Storage Small Storage Unit Processor Signal Interpreter Protection Weapon Shielding Weapon High-powered Shotgun Energy Gun EM Pulse Gun Ballistic Gun High-powered Shotgun Ballistic Cannon Gauss Cannon Launcher Grenade Launcher Slashing Weapon Katana Special Melee Weapon Improved Datajack Build | -11 -10 -9 -9 -8 ------- Run | Yrd Mat Mat Min Mat Slots Evolved 4 | . . 2 . 2 Power . | . . . . . Propulsion 2 | . . 2 . . Utility 2 | . . . . 2 Weapon . | . . . . . Parts Attached 43 | 7 6 9 4 17 Power 3 | 1 . 1 . 1 Engine 3 | 1 . 1 . 1 Core . | . . . . . Reactor . | . . . . . Propulsion 16 | 2 2 4 3 5 Treads . | . . . . . Leg . | . . . . . Wheel 2 | 2 . . . . Hover . | . . . . . Flight 14 | . 2 4 3 5 Utility 13 | 2 2 2 1 6 Device 5 | 1 . 2 1 1 Storage 1 | 1 . . . . Processor 5 | . 1 . . 4 Hackware . | . . . . . Protection 2 | . 1 . . 1 Artifact . | . . . . . Weapon 11 | 2 2 2 . 5 Energy Gun 2 | 1 1 . . . Energy Cannon . | . . . . . Ballistic Gun 2 | 1 . 1 . . Ballistic Cannon 2 | . . . . 2 Launcher 1 | . . 1 . . Special Weapon . | . . . . . Impact Weapon . | . . . . . Slashing Weapon 1 | . . . . 1 Piercing Weapon . | . . . . . Special Melee Weapon 3 | . 1 . . 2 Unidentified Prototypes . | . . . . . Parts Lost 18 | . . 7 . 11 Power 1 | . . 1 . . Propulsion 10 | . . 3 . 7 Utility 3 | . . 2 . 1 Weapon 4 | . . 1 . 3 Highest Loss Streak 5 | . . 3 . 5 To Critical Strikes . | . . . . . Average Slot Usage (%) 87 | . 90 83 95 84 Engine 10 | . 14 10 11 8 Flight 31 | . 24 34 42 27 Device 10 | . 14 9 9 9 Processor 14 | . 6 11 11 23 Energy Gun 1 | . 5 . . . Ballistic Gun 8 | . 14 11 11 2 Ballistic Cannon 2 | . . . . 6 Launcher 3 | . . 4 11 . Special Melee Weapon 4 | . 8 2 . 5 Peak Build Rating 21 | 7 7 14 13 21 Average Rating 12 | 4 6 12 12 18 On Entrance 7 | . 7 7 11 13 Naked Turns . | . . . . . Heaviest Build 16 | 13 9 11 12 16 Greatest Support 23 | 20 20 17 17 23 Greatest Overweight (x) 1 | 1 1 . . . Average Overweight (x) . | . . . . . Largest Inventory Capacity 8 | 8 5 5 5 5 Average Capacity 5 | 6 5 5 5 5 Most Carried 5 | 2 5 5 4 5 Average Carried 3 | 1 4 4 2 3 Final Capacity 8 | 8 5 5 5 5 Final Carried 5 | 2 5 4 3 5 Class Distribution -------------------- 51% | Mutant 28% | Scavenger-Sprinter 10% | Scavenger-Mutant 9% | Sprinter Dominant Class ---------------- Mutant | -10/Materials Mutant | -9/Materials Scavenger-Sprinter | -9/Mines Scavenger-Sprinter | -8/Materials Resources | -11 -10 -9 -9 -8 ----------- Run | Yrd Mat Mat Min Mat Matter Collected 651 | 264 . 106 188 93 Remotely . | . . . . . Salvage Created 352 | 46 . 135 97 74 Parts 28 | 6 . 8 5 9 Haulers Intercepted . | . . . . . Recyclers Shooed 1 | 1 . . . . Parts Field Recycled . | . . . . . Retrieved Matter . | . . . . . Parts Self-Destructed . | . . . . . Prevented . | . . . . . Kills | -11 -10 -9 -9 -8 ------- Run | Yrd Mat Mat Min Mat Combat Hostiles Destroyed 17 | . . 5 6 6 Guns 4 | . . 2 2 . Cannons 1 | . . . . 1 AOE 12 | . . 3 4 5 Classes Destroyed 6 | 1 . 4 1 . Worker 1 | . . 1 . . Tunneler 2 | 2 . . . . Swarmer 11 | . . 2 4 5 Grunt 3 | . . 2 1 . Duelist 1 | . . . 1 . Sentry 2 | . . 1 . 1 Best Kill Streak 5 | 2 . 5 4 5 Combat Bots Only 5 | . . 4 4 5 Max Kills in Single Turn 4 | 1 . 3 4 3 Gunslinging . | . . . . . Exploded 3 | . . 2 3 3 Melee . | . . . . . Uniques/NPCs Destroyed . | . . . . . Combat | -11 -10 -9 -9 -8 -------- Run | Yrd Mat Mat Min Mat Hostile Shots Fired 211 | . 2 79 10 120 Missed 97 | . 1 34 6 56 Damage Taken 1568 | 5 10 457 56 1040 Core 703 | . . 116 28 559 Absorbed by Shields 71 | . . 71 . . Core Remaining (%) 88 | 100 100 . 64 . Volleys Fired 32 | 3 1 9 6 13 Largest 2 | 2 1 2 2 2 Hottest 60 | 60 20 55 55 55 Shots Fired 46 | 6 1 12 11 16 Gun 26 | 6 1 10 6 3 Cannon 10 | . . . . 10 Launcher 10 | . . 2 5 3 Special . | . . . . . Kinetic 33 | 3 1 10 6 13 Thermal . | . . . . . Explosive 10 | . . 2 5 3 Electromagnetic 3 | 3 . . . . Robot Hit Streak 10 | 5 6 10 2 2 Robot Miss Streak 7 | . . 7 2 5 Penetration Max . | . . . . . Secondary Targets . | . . . . . Shots Hit Robots 38 | 5 8 9 7 9 Core Hits 20 | 2 . 7 8 3 Critical Kills . | . . . . . Critical Parts Destroyed . | . . . . . Critical Strikes 2 | . . . . 2 Blast 2 | . . . . 2 Melee Attacks 12 | . 7 1 . 4 Impact . | . . . . . Slashing 1 | . . . . 1 Piercing . | . . . . . Sneak Attacks 7 | . 6 1 . . Combat Hostiles . | . . . . . Follow-up Attacks . | . . . . . Damage Inflicted 946 | 73 10 258 262 343 Guns 272 | 62 10 137 63 . Cannons 141 | . . . . 141 Explosions 522 | . . 121 199 202 Melee . | . . . . . Ramming 11 | 11 . . . . Kinetic 373 | 22 10 137 63 141 Thermal . | . . . . . Explosive 522 | . . 121 199 202 Electromagnetic 40 | 40 . . . . Impact . | . . . . . Slashing . | . . . . . Piercing . | . . . . . Highest Corruption 6 | . 3 6 6 . Average Corruption 4 | . 2 6 6 . Corruption Purged . | . . . . . Corruption Blocked . | . . . . . Effects 13 | . 3 5 5 . Message Errors 6 | . 2 2 2 . Matter Fused 1 | . . 1 . . Energy Discharges 1 | . . . 1 . Parts Rejected 1 | . . . 1 . Data Loss (minor) 2 | . 1 1 . . Data Loss (major) 1 | . . . 1 . Misfires 1 | . . 1 . . Overload Shots . | . . . . . Overflow Damage 40 | . . . . 40 Projectiles . | . . . . . Explosions 40 | . . . . 40 Melee . | . . . . . Knockbacks 1 | . . . . 1 Impact . | . . . . . Kinetic 1 | . . . . 1 Secondary . | . . . . . Self-Inflicted Damage 21 | 5 . . 16 . Shots 1 | . . . 1 . Rammed 5 | 5 . . . . Targets Rammed 5 | 5 . . . . Kicked . | . . . . . Crushed . | . . . . . Highest Temperature 34 | . . 14 9 34 Average Temperature 7 | . . 5 4 9 Received Heat Transfer 516 | . 6 186 18 306 Siege Activations . | . . . . . Robots Corrupted . | . . . . . Combat Hostiles . | . . . . . Parts Fried . | . . . . . Impact Corruptions . | . . . . . Robots Melted . | . . . . . Combat Hostiles . | . . . . . Parts Melted . | . . . . . Heat Transferred . | . . . . . Parts Sabotaged . | . . . . . Parts Stolen . | . . . . . Parts Stripped . | . . . . . Power Chain Reactions . | . . . . . Alert | -11 -10 -9 -9 -8 ------- Run | Yrd Mat Mat Min Mat Peak Influence 511 | 10 80 511 369 426 Initial 199 | . 6 33 199 143 Average 199 | 3 42 201 276 302 Maximum Alert Level 2 | . . 2 1 2 Low Security (%) 47 | 100 100 62 19 8 Level 1 43 | . . 17 80 77 Level 2 8 | . . 19 . 14 Level 3 . | . . . . . Level 4 . | . . . . . Level 5 . | . . . . . High Security . | . . . . . Max Security . | . . . . . Squads Dispatched 10 | . 2 4 . 4 Investigation 2 | . 1 1 . . Extermination . | . . . . . Reinforcement 8 | . 1 3 . 4 Assault . | . . . . . Garrison . | . . . . . Intercept . | . . . . . Searches Triggered . | . . . . . Construction Impeded . | . . . . . Haulers Reinforced . | . . . . . Active Scanning Responses . | . . . . . Cargo Convoy Interrupts . | . . . . . Stealth | -11 -10 -9 -9 -8 --------- Run | Yrd Mat Mat Min Mat Distress Signals 3 | . . 3 . . Communications Jammed . | . . . . . Distress Signals . | . . . . . Times Spotted 71 | . 3 32 6 30 Peak Tracking Total 15 | . 2 15 4 11 Tactical Retreats 10 | . . 7 . 3 Traps | -11 -10 -9 -9 -8 ------- Run | Yrd Mat Mat Min Mat Traps Triggered . | . . . . . Indirectly . | . . . . . Trap Hack Attempts . | . . . . . Triggered . | . . . . . Disarmed . | . . . . . Reprogrammed . | . . . . . Reused . | . . . . . Traps Extracted . | . . . . . Installed . | . . . . . Triggered . | . . . . . Machines | -11 -10 -9 -9 -8 ---------- Run | Yrd Mat Mat Min Mat Machines Disabled 3 | . . 2 . 1 Max in Single Turn 1 | . . 1 . 1 Machines Repaired . | . . . . . Machines Dismantled . | . . . . . Machines Sabotaged . | . . . . . Overloaded Fab Kills . | . . . . . Hacking | -11 -10 -9 -9 -8 --------- Run | Yrd Mat Mat Min Mat Machines Accessed 4 | . 2 2 . . Terminals 3 | . 1 2 . . Fabricators . | . . . . . Repair Stations . | . . . . . Recycling Units 1 | . 1 . . . Scanalyzers . | . . . . . Garrison Access . | . . . . . Total Hacks 12 | . 5 7 . . Successful 4 | . 1 3 . . Failed 8 | . 4 4 . . Catastrophic 2 | . . 2 . . Database Lockouts . | . . . . . Manual 5 | . 2 3 . . Terminals 10 | . 3 7 . . Fabricators . | . . . . . Repair Stations . | . . . . . Recycling Units 2 | . 2 . . . Scanalyzers . | . . . . . Garrison Access . | . . . . . Terminal Hacks 4 | . 1 3 . . Prototype ID Bank 1 | . 1 . . . Dispatch Records 1 | . . 1 . . Recall Reinforcements 1 | . . 1 . . Zone Layout 1 | . . 1 . . Fabricator Hacks . | . . . . . Repair Station Hacks . | . . . . . Recycling Unit Hacks . | . . . . . Scanalyzer . | . . . . . Garrison Access Hacks . | . . . . . Unauthorized Hacks . | . . . . . Terminals . | . . . . . Fabricators . | . . . . . Repair Stations . | . . . . . Recycling Units . | . . . . . Scanalyzers . | . . . . . Garrison Access . | . . . . . Data Cores Recovered . | . . . . . Used . | . . . . . Hacking Detections 4 | . 2 2 . . Full Trace Events 4 | . 2 2 . . Feedback Events 1 | . 1 . . . Corruption 1 | . 1 . . . Feedback Blocked . | . . . . . Robot Schematics Acquired . | . . . . . Robots Built . | . . . . . Authchips . | . . . . . Time . | . . . . . Total Robot Build Rating . | . . . . . Part Schematics Acquired . | . . . . . Parts Built . | . . . . . Authchips . | . . . . . Time . | . . . . . Total Part Build Rating . | . . . . . Parts Repaired . | . . . . . Time . | . . . . . Parts Recycled . | . . . . . Recycled Matter . | . . . . . Retrieved Matter . | . . . . . Retrieved Components . | . . . . . Parts Scanalyzed . | . . . . . Part Schematics Acquired . | . . . . . Parts Damaged . | . . . . . Bothacking | -11 -10 -9 -9 -8 ------------ Run | Yrd Mat Mat Min Mat Used RIF Installer . | . . . . . Robots Hacked 4 | . 2 1 . 1 Non-combat 2 | . 1 1 . . Combat 2 | . 1 . . 1 Robot Hacks Applied 5 | . 3 1 . 1 parse_system 3 | . 2 . . 1 no_distress 1 | . 1 . . . check_alert 1 | . . 1 . . Relay Couplers Released . | . . . . . Fabnet Peak Effective % . | . . . . . Robots Rewired . | . . . . . Allies Hacked . | . . . . . Hacks Repelled . | . . . . . Allies | -11 -10 -9 -9 -8 -------- Run | Yrd Mat Mat Min Mat Total Allies . | . . . . . Largest Group . | . . . . . Highest-Rated Group . | . . . . . Highest-Rated Ally . | . . . . . Total Orders . | . . . . . Ally Attacks . | . . . . . Total Damage . | . . . . . Kills . | . . . . . Allies Corrupted . | . . . . . Allies Melted . | . . . . . Intel | -11 -10 -9 -9 -8 ------- Run | Yrd Mat Mat Min Mat Robot Analysis Total . | . . . . . Derelict Logs Recovered 2 | . . . 2 . Drone Launches . | . . . . . Drone Recoveries . | . . . . . Exploration | -11 -10 -9 -9 -8 ------------- Run | Yrd Mat Mat Min Mat Turns Passed 894 | 107 143 186 166 292 Spaces Moved 1945 | 102 300 406 458 679 Core 44 | 41 . . . 3 Treads . | . . . . . Legs . | . . . . . Wheels 73 | 61 12 . . . Hover . | . . . . . Flight 1828 | . 288 406 458 676 Fastest Speed 31 | 50 37 31 31 31 Average Speed 36 | 79 39 33 31 33 Slowest Speed 120 | 100 120 37 34 50 Overloaded Moves . | . . . . . Propulsion Burnouts . | . . . . . Robots Hopped 25 | . . 12 5 8 Cave-ins Triggered . | . . . . . Exploration Rate (%) 51 | 4 44 59 91 61 Regions Visited 4 Branch Regions 1 Pre-discovered Areas . | . . . . . Known Exits Taken 3 | . 1 1 1 . Unknown Exits Taken 1 | 1 . . . . Scrap Searched 2 | . . . 2 . Spaces Dug . | . . . . . Terrain Destroyed 73 | . . 21 30 22 Melee . | . . . . . Projectile 5 | . . . . 5 AOE 68 | . . 21 30 17 Terrain Rammed . | . . . . . Walls Destroyed . | . . . . . Machines Disabled . | . . . . . Actions | -11 -10 -9 -9 -8 --------- Run | Yrd Mat Mat Min Mat Total 2041 | 118 320 429 462 712 Wait 10 | . . 10 . . Move 1895 | 102 299 382 447 665 Hop 22 | . . 11 5 6 Pick Up 8 | 2 1 3 . 2 Fast Attach 29 | 7 5 7 1 9 Attach 8 | . 1 2 2 3 Detach 6 | . 3 . . 3 Swap 6 | . . . 1 5 Drop 9 | . 3 4 . 2 Fire 32 | 3 1 9 6 13 Melee 12 | . 7 1 . 4 Ram 4 | 4 . . . . Kick . | . . . . . Crush . | . . . . . Escape Stasis . | . . . . . Rewire . | . . . . . Trap . | . . . . . Miscellaneous . | . . . . . Route ------- -11/Scrapyard -10/Materials -9/Materials -9/Mines (discovered 2 exits: *Mat x2) -8/Materials (discovered 2 exits: *Fac x2) History --------- Turn | Location | Event 13 | -11/Scrapyard | Discovered new exit (range 15) 108 | -11/Scrapyard | Entered Materials 244 | -10/Materials | Discovered new exit (range 12) 249 | -10/Materials | Identified exit to Materials 251 | -10/Materials | Entered another Materials area 251 | -9/Materials | Evolved 2 slots: Propulsion x2 345 | -9/Materials | Build established: Mutant 347 | -9/Materials | Lost 3 parts (1n1u1w) 433 | -9/Materials | Discovered new exit (range 9) 436 | -9/Materials | Identified exit to Mines 437 | -9/Materials | Entered Mines 442 | -9/Mines | Learned 2 Materials zone layouts 461 | -9/Mines | Lost 3 parts (1p1n1u) 533 | -9/Mines | Learned Materials emergency access door positions 561 | -9/Mines | Discovered new exit (range 12) 569 | -9/Mines | Identified exit to Materials 598 | -9/Mines | Discovered exit to Materials (range 15) 603 | -9/Mines | Entered Materials 603 | -8/Materials | Evolved 2 slots: Utility x2 604 | -8/Materials | Identified exit to Factory 669 | -8/Materials | Lost 3 parts (2n1w) 723 | -8/Materials | Lost 3 parts (2n1w) 844 | -8/Materials | Discovered exit to Factory (range 3) 873 | -8/Materials | Core integrity fell below 50% 889 | -8/Materials | Core integrity fell below 20% 895 | -8/Materials | Destroyed by G-47 Trooper with Particle Gun Last Messages --------------- 00845_ K-01 Serf collects debris. 00848_ Flight Unit destroyed. 00855_ K-01 Serf cleans the Scanalyzer. 00859_ Gauss Cannon destroyed. 00859_ Flight Unit destroyed. 00862_ Weight Redist. System severed. 00865_ Lgt. Ion Engine severed. 00868_ O-16 Technician uses terminal to summon reinforcements. 00868_ ALERT: Hostiles spotted, dispatching reinforcements to Terminal M003. 00868_ O-16 Technician locks terminal. 00868_ Seismic Detector destroyed. 00877_ R-06 Scavenger collects Weight Redist. System. 00884_ Acquired Katana. 00886_ R-06 Scavenger collects Lgt. Ion Engine. 00889_ Imp. Datajack severed. 00890_ R-06 Scavenger collects Imp. Datajack. 00894_ Imp. Flight Unit severed. Map ----- +----------------------------------------------------+ | ????????????????????????????????????????????????? | | ???????????????+?????????????????????????######## | | ??????????????????????????????????????? | | ??????????????????????????????????????? | | ??????????????????????????????????????? | | ???????????????????????????????????????????###### | | ???????????# # # ???????????????????????? | | ???????????# # # ???????????????????????? | | ???????????######## ####??????????????????????? | | ??????????????# ??????????????????????? | | ??????????????# < ??????????????????????? | | ??????????????# ??????????????????????? | | ??????????????##### ??????????????????????? | | ??????????????????# """ ??????????????????????? | | ??????????????????# """ ??????????????????????? | | ???????????######## """ ??????????????????????? | | ???????????# ??????????????????????? | | ??########## ??????????????????????? | | ??# # ??????????????????????? | | ??# ### a #??????????????????????? | | ??# #?# #??????????????????????? | | ??# #?# "" #??????????????????????? | | ??# #?# "G #??????????????????????? | | ??# #?# "" #???????????? ???????? | | ??# #?# #???????????# #??????? | | ??# #?# g @#???????????# #??????? | | ??# #?# #???????????# #??????? | | ??#######+#### #???????????# #??????? | | ???????# g g ga =#???????????# #??????? | | ???????# g c#???????????# #??????? | | ???????###########+#### c#??#####????# #??????? | | ???????????????#??????# #? #????# #??????? | | ???????????????# ????# #?"" #????# #??????? | | ?????########### ??# #""" #????# #??????? | | ?????# ## """ # #""" #????# +??????? | | ?????# ## """ + + #????# #??????? | | ?????# """ ## """ #r # ! #????# +??????? | | ?????# """"" ######### #########+### #??????? | | ?????# """"" # ## ## ######?? | | ?????# """"" # g g ## "" ## # ##? | | ?????# """ *# """ + ] """# ## | | ?????# / "T" #" S"# | | ?????# # ## / | | ?????########## ## """ # | | ???????????# ## """ # ### | | ???????????# + """ ##### # ###?# | | ?????????#####+######## ### #???#####???# | | ?????????# #??#+##?##########???????????# | | ?????????# #????????????????????????????# | | ?????????# #???????????????????????????? | +----------------------------------------------------+ Best States ------------- Heat Dissipation 31 Energy Generation 10 Energy Capacity 250 Matter Stores 300 Matter Capacity 300 Sight Range 20 Robot Scan Range 15 Terrain Scan Density 110 Additional Mass Support 6 Evasion (%) 63 Item Schematics ----------------- None Robot Schematics ------------------ None Fabricated ------------ Nothing Alien Tech Used ----------------- None Achievements -------------- None Challenges ------------ None Game ------ Seed BladeScrapoidTerrabomb Manual? 0 Play Time 00:26:17 Cumulative 6.7 hours Start 2024.08.17 @ 21:10:43 End 2024.08.17 @ 21:42:29 Sessions 1 Manual Loads 0 Difficulty Rogue Special Mode None Game No. 27 Rogue 24 Adventurer 3 Explorer 0 Win Type - Total 0 Types 0/0/0/0/0/0/0/0/0 Lore% 9 Gallery% 13 Achievement% 16 Wizard Run 0 Options --------- Layout 1 ASCII 0 Keyboard 1 Movement Arrows Keybinds 0 Fullscreen 1 Font 28/Smallcaps Map View 50x43 Zoom Use 0% Tactical HUD 1 Map Filters NONE Filters NONE Steam 1 RUN: 4b6aa558-f5dd-4194-9af5-a6ebd0b295b8